AoeStats
← crtolino93

Arena

504196188Analyzed
4v4 RM · 29d ago on Sep 4, 2026· 50m 49s· 8 players
Game mode
Random Map
Map size
Large (8 player)
Population
200
Speed
Normal
Resources
Standard
Victory
Conquest
Starting age
Dark Age
Ending age
Imperial Age
RankedLock teamsTeams togetherTeam positionsShared explorationLock speedFull tech treeHidden civsTurbo modeCheats
Victory
Defeat
🇨🇳 Khmer · China
1211
+16
🇭🇰 Cumans · Hong Kong SAR China
1158
+18
🇨🇳 Hindustanis · China
1149
+19
🇪🇸 Mongols · Spain
1147
+19
🇨🇳 Bohemians · China
1237
-19
🇨🇳 Franks · China
1228
-19
🇲🇹 Vietnamese · Malta
1211
-18
🇸🇮 Bengalis · Slovenia
1166
-16
PedroAoe
11:51 Feudal Age
12:48 Horse Collar
12:54 Double-Bit Axe
15:38 Castle Age
18:40 Bow Saw
18:31 Heavy Plow
19:07 Wheelbarrow
18:18 Loom
18:30 Fletching
18:35 Gold Mining
20:06 Bodkin Arrow
25:59 Padded Archer Armor
KEVINWEN
9:49 Feudal Age
15:22 Castle Age
13:33 Double-Bit Axe
14:16 Horse Collar
18:28 Wheelbarrow
20:07 Bow Saw
20:00 Heavy Plow
21:17 Gold Mining
23:01 Stone Mining
26:02 Scale Mail Armor
26:12 Forging
29:23 Imperial Age
27:13 Squires
28:11 Iron Casting
28:19 Arson
29:24 Chain Mail Armor
29:14 Loom
29:20 Loom
29:52 Hand Cart
30:28 Conscription
32:09 Husbandry
32:21 Bloodlines
32:38 Light Cavalry
34:51 Blast Furnace
35:40 Two-Man Saw
35:01 Grand Trunk Road
36:19 Chemistry
35:32 Siege Engineers
35:35 Scale Barding Armor
37:39 Gold Shaft Mining
36:27 Heavy Camel Rider
36:30 Hussar
38:06 Ballistics
38:20 Imperial Camel Rider
41:30 Masonry
41:31 Fortified Wall
41:45 Chain Barding Armor
42:00 Caravan
46:41 Plate Barding Armor
46:07 Padded Archer Armor
46:45 Shatagni
ocheda
9:28 Feudal Age
10:08 Double-Bit Axe
10:06 Horse Collar
19:51 Castle Age
19:41 Wheelbarrow
19:43 Scale Barding Armor
20:25 Bloodlines
22:00 Bow Saw
25:02 Gold Mining
28:55 Hand Cart
28:25 Loom
32:09 Town Watch
36:10 Murder Holes
40:18 Imperial Age
38:27 Town Patrol
38:58 Forging
38:14 Pikeman
40:47 Squires
41:43 Halberdier
43:26 Iron Casting
44:27 Scale Mail Armor
45:54 Chain Mail Armor
47:34 Cavalier
51:48 Plate Mail Armor
FakerMarTin
10:05 Feudal Age
14:17 Castle Age
12:46 Double-Bit Axe
14:04 Horse Collar
15:13 Bow Saw
15:21 Heavy Plow
21:44 Gold Mining
23:24 Gold Shaft Mining
23:49 Wheelbarrow
27:27 Imperial Age
24:48 Loom
24:58 Stone Mining
25:39 Ballistics
26:29 Scale Barding Armor
26:43 Hand Cart
27:14 Stone Shaft Mining
28:10 Heavy Scorpion
30:23 Conscription
31:10 Chemistry
30:25 Scale Mail Armor
30:36 Forging
31:20 Double Crossbow
34:13 Crop Rotation
33:09 Pikeman
34:06 Chain Mail Armor
34:27 Iron Casting
34:31 Capped Ram
35:42 Masonry
35:41 Siege Engineers
35:49 Siege Ram
36:11 Halberdier
38:01 Blast Furnace
38:20 Masonry
41:37 Husbandry
41:48 Bloodlines
41:01 Light Cavalry
43:21 Chain Barding Armor
42:52 Hussar
45:34 Fletching
46:08 Onager
48:37 Plate Barding Armor
49:05 Architecture
Chaos
10:22 Feudal Age
10:28 Feudal Age
15:05 Castle Age
13:35 Double-Bit Axe
16:14 Bow Saw
16:55 Loom
22:53 Scale Mail Armor
33:51 Squires
38:50 Imperial Age
39:07 Wheelbarrow
38:18 Town Watch
38:41 Gold Mining
38:42 Stone Mining
39:22 Scale Barding Armor
39:28 Forging
40:08 Stone Shaft Mining
39:18 Horse Collar
40:17 Husbandry
40:28 Bloodlines
40:54 Paper Money
44:18 Hand Cart
44:03 Town Patrol
45:18 Town Patrol
45:40 Padded Archer Armor
49:08 Two-Man Saw
48:10 Heavy Plow
49:23 Chatras
crtolino93
4:48 Loom
11:20 Feudal Age
12:18 Horse Collar
12:25 Double-Bit Axe
18:18 Castle Age
18:18 Stone Mining
19:46 Fletching
19:57 Padded Archer Armor
19:57 Gold Mining
20:26 Bow Saw
21:31 Wheelbarrow
24:29 Leather Archer Armor
25:10 Ballistics
25:04 Heavy Plow
26:49 Bodkin Arrow
28:49 Town Watch
29:20 Hand Cart
29:43 Gold Shaft Mining
30:03 Paiks
33:17 Imperial Age
31:53 Bloodlines
31:44 Husbandry
33:37 Scale Barding Armor
33:43 Forging
33:50 Fortified Wall
33:05 Light Cavalry
34:22 Conscription
33:40 Elite Elephant Archer
36:35 Bracer
37:06 Ring Archer Armor
37:40 Chemistry
36:55 Masonry
36:46 Elite Skirmisher
38:58 Scale Mail Armor
39:33 Iron Casting
38:23 Pikeman
39:03 Squires
39:40 Crop Rotation
40:21 Two-Man Saw
40:13 Mahayana
42:46 Halberdier
46:15 Architecture
45:41 Murder Holes
45:49 Devotion
45:16 Imperial Skirmisher
[AV]Mikami Yua
0:29 Loom
9:44 Feudal Age
15:35 Castle Age
27:42 Gold Mining
27:42 Stone Mining
27:40 Double-Bit Axe
29:34 Gold Shaft Mining
32:33 Imperial Age
30:41 Wheelbarrow
31:46 Hand Cart
31:16 Town Watch
31:45 Bow Saw
31:51 Forging
31:42 Padded Archer Armor
31:51 Scale Barding Armor
32:49 Husbandry
32:39 Cavalier
34:45 Iron Casting
34:30 Chain Barding Armor
34:33 Conscription
34:15 Chivalry
34:00 Paladin
35:55 Chemistry
35:15 Ballistics
35:26 Caravan
36:00 Coinage
36:40 Blast Furnace
35:46 Elite Throwing Axeman
36:48 #83
37:22 Plate Barding Armor
36:39 Fletching
36:50 Padded Archer Armor
37:24 Scale Mail Armor
37:23 Arrowslits
38:51 Fortified Wall
40:08 Light Cavalry
40:11 Pikeman
40:51 Squires
40:37 Gambesons
40:37 Arson
40:51 Bodkin Arrow
41:11 Leather Archer Armor
40:46 Halberdier
41:43 Chain Mail Armor
41:58 Siege Engineers
41:48 Murder Holes
42:03 Masonry
42:28 Man-at-Arms
42:32 Man-at-Arms
44:51 Long Swordsman
小传奇
11:36 Feudal Age
15:13 Castle Age
13:08 Double-Bit Axe
18:14 Chemistry
17:39 Bow Saw
18:16 Town Watch
18:17 Loom
21:50 Wheelbarrow
25:17 Fletching
25:29 Padded Archer Armor
29:20 Hand Cart
29:49 Leather Archer Armor
33:57 Imperial Age
35:40 Scale Mail Armor
35:50 Forging
35:43 Squires
35:29 Arson
36:20 Horse Collar
37:58 Heavy Plow
37:21 Pikeman
37:47 Arson
38:19 Chain Mail Armor
38:57 Halberdier
41:02 Siege Engineers
41:00 Houfnice
43:03 Iron Casting
43:34 Plate Mail Armor
Connection lost

Rejoining the realm…

Still unreachable

The connection could not be restored.

Session expired

The server has moved on; the page needs a fresh start.